 Dungeon Crawl Stone Soup version 0.18-a0-1799-g6250cb2 (webtiles) character file.

69 graki42 the Sneak (level 4, 0/29 HPs)
             Began as a Halfling Assassin on Apr 24, 2016.
             Slain by an adder (4 damage)
             ... on level 2 of the Dungeon.
             The game lasted 00:04:17 (1812 turns).

graki42 the Sneak (Halfling Assassin)               Turns: 1812, Time: 00:04:18

Health: 0/29       AC:  3    Str: 11    XL:     4   Next: 42%
Magic:  4/4        EV: 14    Int: 10    God:
Gold:   38         SH:  0    Dex: 16    Spells: 0 memorised, 3 levels left

rFire  . . .     SeeInvis .     a - +2 dagger
rCold  . . .     Gourm    .     c - +0 robe
rNeg   . . .     Faith    .     (shield restricted)
rPois  .         Spirit   .     (no helmet)
rElec  .         Dismiss  .     d - +0 cloak
rCorr  .         Reflect  .     (no gloves)
SustAt .         Harm     .     (no boots)
MR     .....                    (no amulet)
Stlth  ++++......               (no ring)
                                (no ring)

@: lethally poisoned (0 -> -14), not resistant to hostile enchantments, stealthy
A: mutation resistance 1
a: no special abilities


You were on level 2 of the Dungeon.
You were hungry.

You visited 1 branch of the dungeon, and saw 2 of its levels.

You collected 38 gold pieces.

Inventory:

Hand Weapons
 a - a +2 dagger (weapon)
 b - a +0 blowgun
Missiles
 e - 22 poisoned needles
 f - 2 curare-tipped needles
 j - 2 needles of confusion
Armour
 c - a +0 robe (worn)
 d - a +0 cloak (worn)
Scrolls
 h - 2 scrolls of remove curse
 i - a scroll of recharging {unknown}
 m - a scroll of immolation {unknown}
Comestibles
 g - a bread ration


   Skills:
 + Level 1.9 Fighting
 + Level 3.1 Short Blades
 + Level 2.4 Throwing
 + Level 1.7 Dodging
 + Level 5.8 Stealth


You had 3 spell levels left.
You didn't know any spells.

Dungeon Overview and Level Annotations

Branches:
Dungeon (2/15)

Altars:


Innate Abilities, Weirdness & Mutations

You are small and have problems with some larger weapons.
You are somewhat resistant to further mutation.


Message History

The adder poisons you!
You miss the adder.
The adder is severely wounded.
The adder bites you.
* * * LOW HITPOINT WARNING * * *
The adder bites you.
* * * LOW HITPOINT WARNING * * *
You are more poisoned.
The adder poisons you!
Drink which item? (? for menu, Esc to quit)
It was a potion of magic.
Magic courses through your body.
* * * LOW HITPOINT WARNING * * *
You feel sick. The adder bites you but does no damage.
Read which item? (? for menu, Esc to quit)
Okay, then.
You closely miss the adder.
The adder is severely wounded.
* * * LOW HITPOINT WARNING * * *
You feel sick. The adder bites you.
You die...

#....†....#............
####...#####.###+###....
..........# ## ###..
........#.### ##.
............# #.
...........## #.
......##...# #.
......##..#.## #. ..
###.##.wS@.#).# ..
........##.##.#.#
###..##.........#
##....##.#...##
....##..#..(...#. .##
#.............
................
..........#.#..#
.#..?...###.#..#


You could see a worm and an adder.

Vanquished Creatures
  2 oozes
  6 dart slugs
  2 giant geckos
  3 bats (D:1)
  3 giant cockroaches (D:1)
  4 goblins
  6 hobgoblins
  4 jackals (D:2)
  3 kobolds (D:1)
  2 quokkas (D:2)
  4 giant newts
  5 rats
44 creatures vanquished.

Vanquished Creatures (others)
  A bat (D:1)
1 creature vanquished.

Grand Total: 45 creatures vanquished

Notes
Turn   | Place    | Note
--------------------------------------------------------------
     0 | D:1      | graki42 the Halfling Assassin began the quest for the Orb.
     0 | D:1      | Reached XP level 1. HP: 14/14 MP: 1/1
   103 | D:1      | Reached skill level 5 in Stealth
   103 | D:1      | Reached XP level 2. HP: 13/19 MP: 2/2
   359 | D:1      | Reached XP level 3. HP: 7/24 MP: 3/3
  1320 | D:2      | Reached XP level 4. HP: 7/29 MP: 4/4
  1812 | D:2      | Slain by an adder

Vault maps used:
D:1:      dpeg_arrival_rooms_with_view, serial_forest,
          infiniplex_forest_lined_1, infiniplex_forest_clump_curved,
          infiniplex_forest_clump_diagonal, infiniplex_forest_lined_room_2,
          infiniplex_forest_lined_2, infiniplex_forest_clump_curved,
          infiniplex_forest_clump_diagonal, minmay_misc_feat_rows,
          corexii_leaking_fountain, kennysheep_another_room,
          roderic_roman_lattice, lemuel_old_faithful
D:2:      gammafunk_temple_overflow_pools

Skill      XL: |  1  2  3 |
---------------+----------+-----
Stealth        | 5 |  5.8
Short Blades   | 3 |  3.1
Fighting       | |  1.9
Throwing       | |  2.4
Dodging        | |  1.7

Action                   |  1- 3 |  4- 6 || total
-------------------------+-------+-------++-------
Melee: Dagger            |   108 |    52 ||   160
  Use: Scroll            |     1 |     1 ||     2
       Potion            |     1 |     1 ||     2
 Stab: Sleeping          |    11 |     3 ||    14
  Eat: Chunk             |       |     2 ||     2
Armor: Robe              |    22 |     6 ||    28
       Skin              |    10 |    22 ||    32
Dodge: Dodged            |    57 |    18 ||    75
